 Dungeon Crawl Stone Soup version 0.31-a0-559-g03b8d61ab2 (webtiles) character file.

Game seed: 15832025158738481896

22 Ethylacetat the Insei (level 2, 0/20 HPs)
             Began as an Octopode Gladiator on Aug 17, 2023.
             Succumbed to an adder's poison
             ... on level 2 of the Dungeon.
             The game lasted 00:01:19 (497 turns).

Ethylacetat the Insei (Octopode Gladiator)           Turns: 497, Time: 00:01:20

Health: 0/20       AC:  1    Str: 13    XL:     2   Next: 91%
Magic:  2/2        EV: 14    Int: 10    God:
Gold:   40         SH:  0    Dex: 19    Spells: 1/1 levels left

rFire   . .          .
                       - Unarmed
rCold   . . .        (no shield)
rNeg    . . .        a - melded +0 hat
rPois   .            (no amulet)
rElec   .            f - +6 ring of dexterity
rCorr   .            (no ring)
SInv    .            (no ring)
Will    .....        (no ring)
Stlth   +++          (no ring)
HPRegen 0.23/turn    (no ring)
MPRegen 0.08/turn    (no ring)
                     (no ring)

%: no passive effects
@: lethally poisoned (0 -> -8), beast-form
A: beast (slay +0), almost no armour, amphibious, 8 rings, camouflage 1,
gelatinous body 1, (nimble swimmer 1), tentacles
a: Begin Untransformation


You were on level 2 of the Dungeon.
You were a hulking beast.
You visited 1 branch of the dungeon, and saw 2 of its levels.

You collected 40 gold pieces.

Inventory:

Missiles
 b - 3 throwing nets
Armour
 a - a +0 hat (melded)
Jewellery
 f - a +6 ring of dexterity (left tentacle)
Talismans
 e - a beast talisman (active)
Scrolls
 d - 4 scrolls of identify {unknown}


   Skills:
 + Level 2.3 Fighting
 - Level 2.0 Throwing
 + Level 3.2 Dodging
 + Level 3.2 Unarmed Combat
 * Level 0.8 Shapeshifting


You had one spell level left.
You didn't know any spells.
Your spell library contained the following spells:

 Spells                   Type           Power      Damage    Failure   Level
 Sublimation of Blood     Necr           0%         N/A       50%         2
 Wereblood                Tmut           0%         N/A       50%         2
 Summon Hydra             Summ           0%         N/A       100%        7


Dungeon Overview and Level Annotations

Branches:
Dungeon (2/15)

Altars:

Shops:
D:1 *[*!


Innate Abilities, Weirdness & Mutations

You are a hulking beast.
Your limbs bulge with bestial killing power. (Slay +0)
You cannot wear most types of armour.
You are amphibious.
You can wear up to eight rings at the same time.
Your skin changes colour to match your surroundings (Stealth+).
Your rubbery body absorbs attacks. (AC +1, EV +1)
((You are camouflaged when in or above water. (Stealth+)))
You have tentacles for arms and can constrict up to eight enemies at once.


Message History

Unknown command.
There is a stone staircase leading down here.
You climb downwards.
Found a war axe.
There is a stone staircase leading up here.
An adder comes into view.
An adder is nearby!
Found 14 gold pieces.
Found a stone staircase leading down.
A rat comes into view.
The helpless adder fails to defend itself.
You tentacle-slap the adder. Your grab misses the adder. You squeeze the adder.
The adder is moderately wounded.
The adder bites you.
You are poisoned.
The adder poisons you!
You tentacle-slap the adder. You grab the adder.
The adder is heavily wounded.
You constrict the adder.
You feel sick. The adder bites you.
You are more poisoned.
The adder poisons you!
You tentacle-slap the adder but do no damage.
The adder is heavily wounded.
You constrict the adder.
You feel sick. The adder bites you.
You are lethally poisoned!
The adder poisons you! The adder bites you.
* * * LOW HITPOINT WARNING * * *
You are too injured to fight recklessly!
You are too injured to fight recklessly!
You tentacle-slap the adder.
You kill the adder!
* * * LOW HITPOINT WARNING * * *
You feel sick.
Unknown command.
You aren't carrying any potions.
Throw: javelin
Press: ? - help, Q - select action, (/) - cycle Shift-Dir - straight line, f - rat
Aim: a rat (60% to hit)
You throw a javelin. The javelin pierces through the rat.
The rat is heavily wounded.
You die...

# #.########
#....†...#
#(.r..h..###.#
..>...........#
.#........#####
#.#####$#.).#
.. #.#.#.# .
#.#<# # #.###
#.. ###


You could see a rat.

Vanquished Creatures
  An adder (D:2)
  2 bats (D:1)
  An endoplasm (D:1)
  A giant cockroach (D:1)
  A goblin (D:1)
  3 hobgoblins (D:1)
  2 kobolds (D:1)
  A rat (D:1)
12 creatures vanquished.

Notes
Turn   | Place    | Note
-------+----------+-------------------------------------------
     0 | D:1      | Ethylacetat the Octopode Gladiator began the quest for the
                  | Orb.
     0 | D:1      | Reached XP level 1. HP: 14/14 MP: 1/1
     8 | D:1      | Found Rofubliu's Assorted Antiques.
    27 | D:1      | Found Qeli's Armour Boutique.
    79 | D:1      | Found Cobyox's Distillery.
   151 | D:1      | Reached XP level 2. HP: 14/19 MP: 2/2
   364 | D:1      | Found Naddu's General Store.
   497 | D:2      | Succumbed to an adder's poison

Illustrated notes

Levels and vault maps discovered:
D:1:      dpeg_arrival_stonehenge_8_columns, layout_rooms, serial_shops, shop,
          shop, shop, shop, amcnicky_mini_pool_small
D:2:      layout_basic, serial_shops, shop_fountains, roderic_filled_cross,
          reono_crystal_passage

Action                     || total
---------------------------++-------
  Melee: Unarmed           ||    27
         Constrict         ||     9
         Tentacles         ||     7
         Punch             ||     1
  Throw: Javelin           ||     1
   Stab: Sleeping          ||     1
 Armour: Skin              ||     2
  Dodge: Dodged            ||    20
   Form: Beast             ||     1

Table legend: (Time is in decaauts)
 A = Elapsed time spent in this place.
 B = Non-inter-level travel time spent in this place.
 C = Inter-level travel time spent in this place.
 D = Time resting spent in this place.
 E = Time spent auto-exploring this place.
 F = Levels seen in this place.
 G = Mean time per level.
                   A        B        C        D        E       F      G
               +--------+--------+--------+--------+--------+-----+--------+
         Total |    494 |    478 |     16 |      0 |    389 |   2 |  247.0 |
       Dungeon |    494 |    478 |     16 |      0 |    389 |   2 |  247.0 |
               +--------+--------+--------+--------+--------+-----+--------+

Top non-repeatable levels by time:
     D:1: 485 daAuts
     D:2: 9 daAuts
